 Dungeon Crawl Stone Soup version 0.21.1-1-g345015f (webtiles) character file.

39 Mirai the Sneak (level 3, 0/19 HPs)
             Began as a Kobold Enchanter on May 3, 2018.
             Slain by an orc (4 damage)
             ... on level 3 of the Dungeon.
             The game lasted 00:03:29 (1672 turns).

Mirai the Sneak (Kobold Enchanter)                  Turns: 1672, Time: 00:03:30

Health: 0/19       AC:  2    Str:  5    XL:     3   Next: 70%
Magic:  6/6        EV: 16    Int: 16    God:
Gold:   34         SH:  0    Dex: 16    Spells: 6/7 levels left

rFire    . . .     SeeInvis .   a - +1 dagger
rCold    . . .     Gourm    .   (shield restricted)
rNeg     . . .     Faith    .   b - +0 robe
rPois    .         Spirit   .   (no helmet)
rElec    .         Reflect  .   (no cloak)
rCorr    .         Harm     .   (no gloves)
MR       .....                  (no boots)
Stlth    +++.......             h - amulet of regeneration
HPRegen  0.46/turn              (no ring)
MPRegen  0.10/turn              (no ring)

@: hasted, very quick
A: small, carnivore
a: no special abilities


You were on level 3 of the Dungeon.
You were completely stuffed.

You visited 1 branch of the dungeon, and saw 3 of its levels.

You collected 34 gold pieces.

Inventory:

Hand Weapons
 a - a +1 dagger (weapon)
Armour
 b - a +0 robe (worn)
 g - a +1 ring mail of cold resistance
Jewellery
 h - an amulet of regeneration (around neck)
 j - an uncursed amulet of the gourmand {unknown}
Scrolls
 e - a scroll of enchant armour {unknown}
 f - a scroll of blinking {unknown}
 i - a scroll of identify {unknown}
 l - a scroll of magic mapping {unknown}
 o - a scroll of teleportation {unknown}
Books
 c - a book of Maledictions

   Spells                             Type                      Level
   a - Corona                         Hexes                        1
   b - Ensorcelled Hibernation        Hexes/Ice                    2
   c - Confuse                        Hexes                        3
   d - Tukima's Dance                 Hexes                        3
   e - Dazzling Spray                 Conjuration/Hexes            3
Comestibles
 d - 3 rations
 m - 6 chunks of flesh


   Skills:
 + Level 2.3 Short Blades
 + Level 2.9 Dodging
 + Level 4.5 Stealth
 + Level 2.6 Spellcasting
 + Level 3.3 Hexes


You had 6 spell levels left.
You knew the following spells:

 Your Spells              Type           Power        Failure   Level  Hunger
a - Corona                Hex            ##.....      4%          1    #......


Dungeon Overview and Level Annotations

Branches:
Dungeon (2/15)

Altars:


Innate Abilities, Weirdness & Mutations

You are small and have problems with some larger weapons.
You are carnivorous and can eat meat at any time.


Message History

You closely miss the jackal.
The jackal is moderately wounded.
The orc misses you. The jackal completely misses you. The jackal misses you.
You hit the jackal.
The jackal is severely wounded.
The orc barely misses you. The jackal bites you.
* * * LOW HITPOINT WARNING * * *
The jackal misses you. The orc misses you.
Unknown command.
You hit the jackal but do no damage.
The jackal is severely wounded.
The orc barely misses you.
You hit the jackal.
The jackal is almost dead.
The jackal closely misses you. The jackal barely misses you.
The orc closely misses you.
You hit the jackal.
You kill the jackal!
The jackal misses you. The orc hits you.
You die...

#..........##K###..##...
#w##.#####.# #..##.##
#.##.# #..##.##
#.##.#### #.O##.##
#.##...>. ...........##
#.#####.# .#####.######
#.# #l# #. #.#####o##.#
#. #....wh@oo.# #.
#######[#o..# #. #K#
#...> .. #.# ### #.. ###


You could see a dart slug, 4 orcs, a jackal, a kobold and a frilled lizard.

Vanquished Creatures
  A dart slug (D:1)
  3 leopard geckos
  An orc (D:3)
  4 bats
  2 giant cockroaches (D:1)
  7 goblins (D:1)
  2 hobgoblins
  A jackal (D:3)
  2 kobolds (D:1)
  A quokka (D:2)
  3 frilled lizards (D:1)
  2 rats
29 creatures vanquished.

Notes
Turn   | Place    | Note
-------+----------+-------------------------------------------
     0 | D:1      | Mirai the Kobold Enchanter began the quest for the Orb.
     0 | D:1      | Reached XP level 1. HP: 10/10 MP: 3/3
   442 | D:1      | Reached XP level 2. HP: 4/15 MP: 5/5
   877 | D:1      | Reached XP level 3. HP: 18/19 MP: 6/6
  1578 | D:2      | You fall through a shaft!
  1578 | D:3      | Noticed an ogre
  1672 | D:3      | Slain by an orc

Skill      XL: |  1  2 |
---------------+-------+-----
Short Blades   | 2 |  2.3
Dodging        | |  2.9
Stealth        | |  4.5
Spellcasting   | |  2.6
Hexes          | |  3.3

Action                   || total
-------------------------++-------
Melee: Dagger            ||   156
  Use: Potion            ||     3
 Stab: Sleeping          ||     7
  Eat: Chunk             ||    11
Armor: Robe              ||    29
Dodge: Dodged            ||   183
